AoeStats
← Yova

Socotra

505961869Analyzed
2v2 RM · 20d ago on Sep 11, 2026· 29m 37s· 4 players
Game mode
Random Map
Map size
Tiny (2 player)
Population
200
Speed
Normal
Resources
Standard
Victory
Conquest
Starting age
Dark Age
Ending age
Imperial Age
RankedLock teamsTeams togetherTeam positionsShared explorationLock speedFull tech treeHidden civsTurbo modeCheats
Victory
Defeat
🇬🇧 Celts · United Kingdom
826
+14
🇦🇷 Maya · Argentina
800
+15
🇬🇧 Burmese · United Kingdom
791
-14
🇬🇧 Inca · United Kingdom
790
-15
m_1_smith
12:33 Feudal Age
13:47 Double-Bit Axe
13:46 Horse Collar
14:31 Champi Runner
17:05 Gold Mining
21:37 Castle Age
22:34 Squires
21:55 Champi Warrior
23:04 Bow Saw
22:58 Heavy Plow
22:52 Stone Mining
26:25 Pikeman
26:51 Arson
26:30 Elite Skirmisher
Bad Loser
11:52 Feudal Age
15:18 Loom
23:24 Castle Age
26:12 Town Watch
t.f.blanchard
5:27 Loom
10:08 Feudal Age
11:16 Horse Collar
21:20 Castle Age
20:19 Forging
20:41 Gold Mining
20:43 Stone Mining
21:05 Scale Mail Armor
21:31 Gold Mining
23:19 Stone Shaft Mining
23:45 Iron Casting
29:25 Fletching
Yova
0:27 Loom
11:26 Feudal Age
12:11 Double-Bit Axe
16:06 Fletching
16:18 Padded Archer Armor
19:22 Forging
26:11 Castle Age
25:25 Scale Mail Armor
27:04 Bow Saw
26:21 Crossbowman
27:07 Thumb Ring
29:07 Bodkin Arrow
Connection lost

Rejoining the realm…

Still unreachable

The connection could not be restored.

Session expired

The server has moved on; the page needs a fresh start.